 Dungeon Crawl Stone Soup version 0.29.0-5-ge4962eb29e (webtiles) character file.

Game seed: 2573128089900900258

129399 Flugkiller the Severer (level 16, -15/155 HPs)
             Began as a Minotaur Fighter on Aug 28, 2022.
             Was a High Priest of Okawaru.
             Blown up by an orb spider (50 damage)
             ... with an orb of destruction
             ... led by a torpor snail
             ... on level 2 of the Spider Nest.
             The game lasted 00:16:25 (30925 turns).

Flugkiller the Severer (Minotaur Fighter)          Turns: 30925, Time: 00:16:26

Health: -15/155    AC: 32    Str: 23    XL:     16   Next: 50%
Magic:  23/23      EV: 19    Int:  7    God:    Okawaru [*****.]
Gold:   1481       SH:  6    Dex: 14    Spells: 15/15 levels left

rFire   . . .      SeeInvis +   H - +1 broad axe (drain)
rCold   + . .      Faith    .   c - +0 buckler
rNeg    + . .      Spirit   .   K - +0 plate armour {rPois}
rPois   +          Reflect  .   (helmet restricted)
rElec   .          Harm     .   k - +2 cloak {rCorr}
rCorr   +          Rampage  .   B - +2 pair of gloves
Will    +....                   (no boots)
Stlth   ..........              N - amulet of Recklessness {rC+ rN+ Regen+ rCorr SInv}
HPRegen 0.00/turn               v - +4 ring of evasion
MPRegen 0.18/turn               p - +4 ring of protection

@: heroic, inhibited regen
A: horns 2, retaliatory headbutt, talons 1, inhibited regeneration, noise
suppression
a: Renounce Religion, Heroism, Finesse, Duel


You were on level 2 of the Spider Nest.
You worshipped Okawaru.
Okawaru was extremely pleased with you.
You visited 5 branches of the dungeon, and saw 25 of its levels.
You also visited: Gauntlet and Ice Cave.

You collected 2433 gold pieces.
You spent 952 gold pieces at shops.

Inventory:

Hand Weapons
 a - a +1 war axe of freezing
 y - a +1 spear of distortion
   (You took it off a gnoll sergeant on level 10 of the Dungeon)
 H - a +1 broad axe of draining (weapon)
   (Okawaru gifted it to you on level 3 of the Lair of Beasts)
 P - a +3 battleaxe of draining
   (You took it off a minotaur in a Gauntlet)
 R - the +6 broad axe of Qiavug {vorpal, *Rage Int+3}
   (Okawaru gifted it to you on level 2 of the Lair of Beasts)

   It inflicts extra damage upon your enemies.
   Int:       It affects your intelligence (+3).
   *Rage:     It berserks you when you make melee attacks (+20% chance).
 T - a +2 broad axe
   (You took it off a vault guard on level 15 of the Dungeon)
Missiles
 s - 4 throwing nets (quivered)
Armour
 c - a +0 buckler (worn)
 k - a +2 cloak of preservation (worn)
   (You took it off Maurice on level 9 of the Dungeon)
 u - a +3 chain mail of cold resistance
   (You took it off Edmund on level 5 of the Dungeon)
 B - a +2 pair of gloves (worn)
   (You found it on level 2 of the Dungeon)
 D - a +0 kite shield
   (You took it off a gnoll sergeant on level 9 of the Dungeon)
 K - a +0 plate armour of poison resistance (worn)
   (Okawaru gifted it to you on level 5 of the Lair of Beasts)
 Q - a +2 plate armour of cold resistance
   (You took it off a minotaur in a Gauntlet)
Jewellery
 b - a ring of flight
   (You found it on level 3 of the Dungeon)
 i - a ring of see invisible
   (You found it on level 15 of the Dungeon)
 m - a ring of willpower
   (You found it on level 8 of the Dungeon)
 p - a +4 ring of protection (right hand)
   (You found it on level 7 of the Dungeon)
 v - a +4 ring of evasion (left hand)
   (You found it in a Gauntlet)
 L - the ring of Ostriero {Ice Str+2 Dex-4 Slay+4}
   (You found it on level 5 of the Lair of Beasts)

   [ring of ice]

   It enhances your ice magic.
   Str:       It affects your strength (+2).
   Dex:       It affects your dexterity (-4).
   Slay:      It affects your accuracy & damage with ranged weapons and melee
   (+4).
   rF:        It makes you vulnerable to fire.
   rC:        It protects you from cold.
 N - the amulet of Recklessness (around neck) {rC+ rN+ Regen+ rCorr SInv}
   (You found it in a Gauntlet)

   [amulet of regeneration]

   rC:        It protects you from cold.
   rN:        It protects you from negative energy.
   SInv:      It lets you see invisible.
   Regen:     It increases your rate of health regeneration.
   rCorr:     It protects you from acid and corrosion.
 O - a ring of wizardry
   (You found it on level 14 of the Dungeon)
 S - a ring of ice
   (You found it on level 13 of the Dungeon)
Wands
 g - a wand of digging (20)
   (You found it on level 10 of the Dungeon)
 j - a wand of iceblast (5)
   (You found it on level 1 of the Lair of Beasts)
 G - a wand of mindburst (4)
   (You found it on level 9 of the Dungeon)
 J - a wand of light (21)
   (You found it on level 5 of the Lair of Beasts)
Scrolls
 l - 3 scrolls of magic mapping
 r - 3 scrolls of identify
 t - 11 scrolls of teleportation
 z - a scroll of blinking
 A - 6 scrolls of fog
 E - 4 scrolls of immolation
 U - a scroll of enchant armour
 W - 2 scrolls of fear
Potions
 d - 5 potions of might
 e - 7 potions of lignification
 f - 2 potions of cancellation
 h - 7 potions of haste
 n - 6 potions of resistance
 o - 3 potions of berserk rage
 q - 8 potions of curing
 w - 3 potions of heal wounds
 x - 2 potions of magic
 C - a potion of brilliance
 I - a potion of invisibility
 M - a potion of mutation
 V - a potion of flight
Miscellaneous
 F - a condenser vane
   (You found it in a Gauntlet)


   Skills:
 + Level 17.4(22.4) Fighting
 - Level 18.0(23.0) Axes
 + Level 17.3(22.3) Armour
 + Level 14.5(19.5) Dodging
 - Level 3.6(8.6) Shields
 - Level 11.0 Invocations


You had 15 spell levels left.
You didn't know any spells.
Your spell library was empty.

Dungeon Overview and Level Annotations

Branches:
Dungeon (15/15)            Temple (1/1) D:6            Lair (5/5) D:10
  Swamp (0/4) Lair:3       Spider (2/4) Lair:2        Slime (0/5) Lair:4
    Orc (2/2) D:12            Elf (0/3) Orc:2        Vaults (0/5) D:13
 Depths (0/4) D:15          IceCv (visited)         Gauntlet (visited)

Altars:
Ashenzari
Cheibriados
Dithmenos
Elyvilon
Fedhas
Gozag
Hepliaklqana
Kikubaaqudgha
Makhleb
Nemelex Xobeh
Okawaru
Qazlal
Ru
Sif Muna
Trog
Uskayaw
Vehumet
Wu Jian
Xom
Yredelemnul
Zin
The Shining One

Shops:
D:1 :   D:14 (   Orc:2 =?(!

Portals:
Trove: D:15 (give +2 gold dragon scales)

Annotations:
D:8 Grum
D:10 2 transporters, Flugkiller's ghost, journeyman MiFi
D:13 3 runed translucent doors, Mallanif's ghost, journeyman GnTm
D:14 2 transporters
Lair:1 3 runed translucent doors, Purph's ghost, journeyman MiBe; jt's ghost, novice MeDe
Lair:2 3 runed translucent doors, t4s4d4r's ghost, journeyman OpSu
Lair:3 exclusion: oklob plant
Lair:4 1 runed translucent door


Innate Abilities, Weirdness & Mutations

You have a pair of horns on your head.
You reflexively headbutt those who attack you in melee.
You have sharp toenails.
You do not regenerate when monsters are visible.
You passively dampen the noise of your surroundings.


Message History

The jumping spider closely misses you. You block the redback's attack.
The orb spider weaves a glowing orb of energy. 2 orbs of destruction come into view.
You see here a redback corpse.
You slash the jumping spider! You drain the jumping spider.
You claw the jumping spider, but do no damage.
The jumping spider is almost dead.
You closely miss the redback. The jumping spider pounces on you!
You are caught in a web!
The jumping spider bites you but does no damage.
The redback bites you but does no damage.
The web tears apart.
The orb of destruction hits a rock wall.
The jumping spider pounces on you.
The jumping spider bites you but does no damage.
The redback bites you but does no damage.
You block the redback's attack.
The orb spider begins to weave its threads into a brightly glowing ball.
You slice the wolf spider!!
You claw the wolf spider, but do no damage.
The wolf spider is moderately wounded.
You hit the redback.
The jumping spider leaps!
The redback bites you but does no damage.
The wolf spider hits you but does no damage.
The wolf spider bites you but does no damage.
The orb spider weaves a glowing orb of energy.
The wolf spider misses you. The wolf spider closely misses you.
An orb of destruction comes into view.
You closely miss the jumping spider.
The jumping spider is severely wounded.
You hit the wolf spider. You slice the redback!! The redback barely misses you.
The jumping spider leaps!
The wolf spider completely misses you. The wolf spider bites you.
The redback bites you but does no damage.
The jumping spider leaps!
The redback completely misses you.
You slice the redback!!
You kill the redback!
Okawaru accepts your kill.
You slash the wolf spider! You drain the wolf spider. You slash the redback!
You block the orb of destruction.
The orb of destruction dissipates.
The wolf spider hits you but does no damage.
The wolf spider misses you.
The orb spider pulsates with a strange energy.
The redback bites you but does no damage.
You feel more confident with your borrowed prowess.
The wolf spider completely misses you. The wolf spider misses you.
The redback bites you but does no damage.
You block the wolf spider's attack.
The wolf spider bites you but does no damage.
The wolf spider hits you but does no damage.
The wolf spider closely misses you.
You see here a redback corpse.
You slash the wolf spider! You drain the wolf spider. You claw the wolf spider.
You headbutt the wolf spider.
You kill the wolf spider!
Okawaru accepts your kill.
You slice the redback!! You drain the redback.
You kill the redback!
Okawaru accepts your kill.
The orb spider weaves a glowing orb of energy.
An orb of destruction comes into view.
You closely miss the jumping spider. Your kick misses the jumping spider.
You headbutt the jumping spider, but do no damage.
The jumping spider is severely wounded.
The jumping spider misses you. You furiously retaliate!
You headbutt the jumping spider. The jumping spider misses you.
The orb spider pulsates with a strange energy.
You hit the jumping spider.
You headbutt the jumping spider, but do no damage.
The jumping spider is almost dead.
The orb of destruction hits you!!!
* * * LOW HITPOINT WARNING * * *
The jumping spider completely misses you.
The jumping spider bites you but does no damage.
The orb spider pulsates with a strange energy.
The jumping spider leaps!
The orb spider weaves a glowing orb of energy.
The jumping spider leaps!
An orb of destruction comes into view.
You are too injured to fight recklessly!
You are too injured to fight recklessly!
You are too injured to fight recklessly!
The jumping spider leaps!
The wavering orb of destruction hits you!
* * * LOW HITPOINT WARNING * * *
The jumping spider attacks as you move away!
The jumping spider closely misses you. You furiously retaliate!
You headbutt the jumping spider!
You kill the jumping spider!
Okawaru accepts your kill. Okawaru grants you a weapon!
Something appears at your feet!
You see here a +0 executioner's axe of electrocution.
You slash the orb spider! You claw the orb spider.
The orb spider is moderately wounded.
You see here a ghost moth corpse.
The orb spider weaves a glowing orb of energy.
An orb of destruction comes into view.
The orb of destruction hits you!!!
You die...

##...... #.
###.#...# #..
#.......# ....
##.......##..#.
#...#.#.[.....#
#..)s#..^.#
###..○#†....#.
###....○†..#...#
#^..s†.○@....##^.
...^#..#.##.#...#
..#...##.#.........
#^...# ...##.#..#.^
...#. .#... #^....#
........>^## .....#
#...#. .... ##..#.
#. .. .#.. .. .. .#
#.#


You could see an orb spider.

Vanquished Creatures
  Rupert (Orc:2)
  An orc warlord (Orc:1)
  A ghost moth (Spider:2)
  A stone giant (D:15)
  2 quicksilver oozes (IceCv)
  Azrael (D:12)
  An entropy weaver (Spider:1)
  A minotaur (Gauntlet)
  Snorg (Lair:4)
  2 fire dragons
  10 boulder beetles
  A vault guard (D:15)
  11 hydras
  2 ogre magi
  2 catoblepae
  6 centaur warriors
  6 two-headed ogres
  11 death yaks
  5 tengu warriors
  Urug (Lair:4)
  Nergalle (D:12)
  A wretched star (Gauntlet)
  2 soul eaters (D:11)
  2 pharaoh ants (Spider:2)
  Lodul (D:13)
  2 sixfirhies
  A swamp dragon (Lair:5)
  2 wizards
  A harpy (shapeshifter) (D:14)
  A necromancer (D:13)
  A lindwurm (Lair:4)
  An orc knight (D:15)
  A deep elf pyromancer (D:14)
  8 wolf spiders
  9 orc sorcerers (Orc:2)
  5 ugly things
  9 cyclopes
  4 manticores
  Joseph (D:9)
  A rust devil (D:11)
  A guardian serpent (Lair:5)
  Maurice (D:9)
  9 black mambas
  12 elephants
  2 smoke demons (D:11)
  An eye of devastation (shapeshifter) (Gauntlet)
  14 cane toads
  3 orange demons (D:11)
  3 torpor snails
  A cane toad (shapeshifter) (D:15)
  A gargoyle (D:11)
  A demonic crawler (Spider:2)
  A kobold demonologist (D:12)
  4 rime drakes
  4 efreet
  21 komodo dragons
  A yaktaur (shapeshifter) (Gauntlet)
  An ice devil (D:11)
  A red devil (D:11)
  A troll (shapeshifter) (D:15)
  A freezing wraith (D:14)
  A merfolk (shapeshifter) (D:15)
  A polar bear (Lair:4)
  3 tengu conjurers
  7 trolls
  A raiju (Gauntlet)
  2 hornets
  5 tarantellas
  13 blink frogs
  21 slime creatures
  3 culicivoras
  52 yaks
  8 jumping spiders
  11 wyverns
  2 wraiths
  2 shadows
  2 hogs (shapeshifter)
  8 basilisks
  3 steam dragons
  20 redbacks
  9 vampire mosquitoes
  5 fire elementals
  4 wargs
  4 chaos spawn (D:11)
  Edmund (D:5)
  5 acid dragons
  24 water moccasins
  4 swamp drakes
  3 hell hounds
  A sky beast (D:7)
  A great orb of eyes simulacrum (IceCv)
  8 orc warriors
  An ice beast (D:5)
  20 ogres
  4 black bears
  17 wolves
  4 centaurs
  A slime creature simulacrum (IceCv)
  A phantom (D:5)
  A kobold brigand (D:10)
  12 bullfrogs
  3 gnoll sergeants
  2 scorpions
  A necrophage (D:5)
  5 wights (D:7)
  11 killer bees
  3 electric eels
  7 howler monkeys
  2 hounds (D:6)
  5 quasits (D:11)
  A jelly (D:5)
  7 orc priests
  3 gnoll boudas
  8 iguanas
  36 orc wizards
  A small abomination (Gauntlet)
  29 gnolls
  7 adders
  2 shadow imps
  4 white imps
  7 ufetubi
  2 worms
  A dart slug (D:1)
  52 orcs
  8 ball pythons
  6 endoplasms
  3 giant cockroaches
  11 goblins
  3 hobgoblins
  3 jackals (D:1)
  3 quokkas
  3 bats
  2 frilled lizards (D:1)
  13 kobolds
  6 rats
  A plant (Lair:4)
761 creatures vanquished.

Vanquished Creatures (others)
  A rime drake (Lair:5)
  A hornet (Lair:5)
  A culicivora (Spider:2)
  2 yaks (Lair:5)
  A swamp drake (Lair:5)
  An electric eel (D:14)
  A quasit (D:11)
  2 orc wizards (Orc:2)
  14 demonic plants
  45 fungi
  96 plants
165 creatures vanquished.

Grand Total: 926 creatures vanquished

Notes
Turn   | Place    | Note
-------+----------+-------------------------------------------
     0 | D:1      | Flugkiller the Minotaur Fighter began the quest for the
                  | Orb.
     0 | D:1      | Reached XP level 1. HP: 19/19 MP: 0/0
   171 | D:1      | Reached skill level 3 in Axes
   171 | D:1      | Reached XP level 2. HP: 27/27 MP: 1/1
   353 | D:1      | Found Hiykedd's Book Shoppe.
   396 | D:1      | Found a faded altar of an unknown god.
   469 | D:1      | Reached XP level 3. HP: 30/33 MP: 2/2
  1340 | D:3      | Reached skill level 4 in Axes
  1405 | D:3      | Found a shadowy altar of Dithmenos.
  1415 | D:3      | Reached XP level 4. HP: 34/41 MP: 3/3
  2055 | D:4      | Reached XP level 5. HP: 13/47 MP: 4/4
  2304 | D:3      | Reached skill level 5 in Axes
  2581 | D:4      | Found a sparkling altar of Nemelex Xobeh.
  2913 | D:4      | Reached skill level 5 in Fighting
  3125 | D:4      | Noticed an ogre
  3129 | D:4      | Killed an ogre
  3130 | D:4      | Reached skill level 5 in Armour
  3130 | D:4      | Reached XP level 6. HP: 32/56 MP: 5/5
  3135 | D:5      | Entered Level 5 of the Dungeon
  3653 | D:5      | Reached skill level 6 in Axes
  4069 | D:5      | Reached XP level 7. HP: 51/62 MP: 6/6
  4285 | D:5      | Reached skill level 7 in Axes
  4365 | D:5      | Noticed Edmund
  4381 | D:5      | Killed Edmund
  5023 | D:6      | Found a staircase to the Ecumenical Temple.
  5052 | Temple   | Entered the Ecumenical Temple
  5223 | D:6      | Reached skill level 8 in Axes
  5245 | D:6      | Reached XP level 8. HP: 63/71 MP: 7/7
  5491 | D:6      | Reached skill level 9 in Axes
  5700 | D:6      | Identified the +5 ring mail "Masiugau" {Rampage Regen+}
  5811 | D:6      | You are sucked into a shaft and drop 2 floors!
  6180 | D:8      | Noticed Grum
  6353 | D:7      | Found an iron altar of Okawaru.
  6378 | D:7      | Became a worshipper of Warmaster Okawaru
  6398 | D:7      | Reached skill level 10 in Axes
  6407 | D:7      | Reached skill level 1 in Dodging
  6409 | D:7      | Reached skill level 1 in Invocations
  6418 | D:7      | Reached XP level 9. HP: 38/80 MP: 8/8
  6996 | D:7      | Reached * piety under Okawaru
  7841 | D:6      | Found a large runed translucent door.
  7843 | D:6      | Found a large runed translucent door.
  8126 | D:6      | Found a snail-covered altar of Cheibriados.
  8129 | D:6      | Found a hide-covered altar of Uskayaw.
  8551 | D:8      | Reached skill level 11 in Axes
  8555 | D:8      | Reached ** piety under Okawaru
  9052 | D:8      | Reached XP level 10. HP: 48/90 MP: 11/11
  9539 | D:9      | Noticed Joseph
  9560 | D:9      | Killed Joseph
  9561 | D:9      | Reached skill level 12 in Axes
 10095 | D:9      | Reached *** piety under Okawaru
 10357 | D:9      | Found an opulent altar of Gozag.
 10600 | D:9      | Noticed Maurice
 10607 | D:9      | Killed Maurice
 10608 | D:9      | Reached skill level 5 in Dodging
 10674 | D:10     | Entered Level 10 of the Dungeon
 10686 | D:10     | Noticed a boulder beetle
 10726 | D:10     | Killed a boulder beetle
 10726 | D:10     | Reached **** piety under Okawaru
 10958 | D:10     | Noticed an elephant
 10959 | D:10     | Found a staircase to the Lair.
 10972 | D:10     | Reached skill level 13 in Axes
 10975 | D:10     | Killed an elephant
 10994 | D:10     | Reached XP level 11. HP: 53/99 MP: 13/13
 11242 | D:10     | Reached skill level 5 in Invocations
 11273 | D:10     | Reached skill level 10 in Fighting
 11514 | D:10     | Found a transporter.
 11514 | D:10     | Noticed Flugkiller's ghost (journeyman MiFi)
 11516 | D:10     | Noticed a boulder beetle
 11517 | D:10     | Found a transporter.
 11594 | D:10     | Reached skill level 10 in Armour
 12321 | D:11     | Noticed a soul eater
 12329 | D:11     | Killed a soul eater
 12475 | D:11     | Reached ***** piety under Okawaru
 12723 | D:11     | Noticed a boulder beetle
 12724 | D:11     | Noticed a soul eater
 12754 | D:11     | Killed a soul eater
 12757 | D:11     | Killed a boulder beetle
 12830 | D:11     | Reached skill level 14 in Axes
 13658 | D:11     | Noticed a sixfirhy
 13658 | D:11     | Noticed a soul eater
 13658 | D:11     | Noticed a sixfirhy
 13661 | D:11     | Killed a sixfirhy
 14052 | Lair:1   | Entered Level 1 of the Lair of Beasts
 14066 | Lair:1   | Noticed an eight-headed hydra
 14088 | Lair:1   | Killed an 11-headed hydra
 14089 | Lair:1   | Reached XP level 12. HP: 84/110 MP: 7/15
 14092 | Lair:1   | Noticed a four-headed hydra
 14099 | Lair:1   | Received a gift from Okawaru
 14108 | Lair:1   | Killed an 11-headed hydra
 14348 | Lair:1   | Noticed a six-headed hydra
 14360 | Lair:1   | HP: 5/110 [poisoned by a black mamba]
 14361 | Lair:1   | Killed a ten-headed hydra
 14362 | Lair:1   | Reached skill level 15 in Axes
 14949 | Lair:1   | Found a runed translucent gate.
 14950 | Lair:1   | Found a runed translucent gate.
 14951 | Lair:1   | Found a runed translucent gate.
 14955 | Lair:1   | Noticed jt's ghost (novice MeDe)
 14955 | Lair:1   | Noticed Purph's ghost (journeyman MiBe)
 15803 | Lair:2   | Found a hole to the Spider Nest.
 15886 | Lair:2   | Identified the +6 broad axe of Qiavug {vorpal, *Rage Int+3}
                  | (Okawaru gifted it to you on level 2 of the Lair of Beasts)
 15886 | Lair:2   | Received a gift from Okawaru
 15901 | Lair:2   | Gained mutation: Your body sometimes deteriorates upon
                  | taking damage. [potion of mutation]
 15901 | Lair:2   | Gained mutation: You are partially covered in iridescent
                  | scales. (AC +2) [potion of mutation]
 15901 | Lair:2   | Gained mutation: You are frail. (-10% HP) [potion of
                  | mutation]
 15902 | Lair:2   | Lost mutation: You are partially covered in iridescent
                  | scales. (AC +2) [potion of mutation]
 15902 | Lair:2   | Lost mutation: Your body sometimes deteriorates upon taking
                  | damage. [potion of mutation]
 15902 | Lair:2   | Gained mutation: You are weak. (Str -2) [potion of
                  | mutation]
 15902 | Lair:2   | Gained mutation: Your spells are a little easier to cast,
                  | but a little less powerful. [potion of mutation]
 16050 | Lair:2   | Found a runed translucent gate.
 16051 | Lair:2   | Found a runed translucent gate.
 16051 | Lair:2   | Found a runed translucent gate.
 16053 | Lair:2   | Noticed t4s4d4r's ghost (journeyman OpSu)
 16053 | Lair:2   | Noticed a 12-headed hydra
 16053 | Lair:2   | Noticed a ten-headed hydra
 16190 | Lair:2   | You fall into a shaft and drop 1 floor!
 16190 | Lair:3   | Noticed a death yak
 16190 | Lair:3   | Noticed a death yak
 16190 | Lair:3   | Noticed a death yak
 16191 | Lair:3   | Noticed a death yak
 16191 | Lair:3   | Noticed a death yak
 16198 | Lair:3   | Killed a death yak
 16200 | Lair:3   | Killed a death yak
 16201 | Lair:3   | Killed a death yak
 16205 | Lair:3   | Killed a death yak
 16205 | Lair:3   | Reached ****** piety under Okawaru
 16209 | Lair:3   | Killed a death yak
 16253 | Lair:3   | Reached skill level 16 in Axes
 16264 | Lair:3   | Received a gift from Okawaru
 16523 | Lair:3   | Noticed a catoblepas
 16534 | Lair:3   | Killed a catoblepas
 16535 | Lair:3   | Reached XP level 13. HP: 85/106 MP: 15/17
 16928 | Lair:3   | Found a staircase to the Swamp.
 18562 | Lair:4   | Identified the +7 scale mail of Emiwuxzo {+Blink Int-5
                  | Dex+9 Stlth+} (Okawaru gifted it to you on level 4 of the
                  | Lair of Beasts)
 18562 | Lair:4   | Received a gift from Okawaru
 18780 | Lair:4   | Reached skill level 17 in Axes
 19668 | Lair:4   | Noticed Urug
 19686 | Lair:4   | Killed Urug
 19946 | Lair:4   | Found a runed translucent door.
 20345 | Lair:4   | Noticed Snorg
 20358 | Lair:4   | Killed Snorg
 20694 | Lair:4   | Reached XP level 14. HP: 116/116 MP: 19/19
 20697 | Lair:4   | Found a staircase to the Slime Pits.
 20697 | Lair:4   | Noticed an acid blob
 21081 | Lair:5   | Entered Level 5 of the Lair of Beasts
 21094 | Lair:5   | Reached skill level 10 in Dodging
 21572 | Lair:5   | Reached skill level 18 in Axes
 21659 | Lair:5   | Received a gift from Okawaru
 22030 | Lair:5   | Reached skill level 10 in Invocations
 22531 | Lair:5   | Identified the +10 rapier of the Original Sin {speed, rF+
                  | Will- Int-5 Dex+7}
 23144 | Lair:5   | Identified the ring of Ostriero {Ice Str+2 Dex-4 Slay+4}
 23169 | Lair:5   | Lost mutation: You are weak. (Str -2) [potion of mutation]
 23169 | Lair:5   | Lost mutation: Your spells are a little easier to cast, but
                  | a little less powerful. [potion of mutation]
 23169 | Lair:5   | Lost mutation: You are frail. (-10% HP) [potion of
                  | mutation]
 23169 | Lair:5   | Gained mutation: You have sharp toenails. [potion of
                  | mutation]
 23169 | Lair:5   | Gained mutation: You passively dampen the noise of your
                  | surroundings. [potion of mutation]
 24326 | D:12     | Received a gift from Okawaru
 24640 | D:12     | Noticed Nergalle
 24650 | D:12     | Killed Nergalle
 24784 | D:12     | Found a staircase to the Orcish Mines.
 25017 | D:12     | Noticed Azrael
 25026 | D:12     | Killed Azrael
 25302 | D:13     | Found a gate leading to a gauntlet.
 25327 | D:13     | Received a gift from Okawaru
 25340 | D:13     | Reached XP level 15. HP: 42/139 MP: 12/22
 25365 | Gauntlet | Entered a Gauntlet
 25365 | Gauntlet | Found a transporter.
 25646 | Gauntlet | Found a transporter.
 25649 | Gauntlet | Found a transporter.
 25650 | Gauntlet | Found a transporter.
 25658 | Gauntlet | Found a transporter.
 25661 | Gauntlet | Found a transporter.
 25662 | Gauntlet | Found a transporter.
 25674 | Gauntlet | Found a transporter.
 25675 | Gauntlet | Found a transporter.
 25675 | Gauntlet | Found a transporter.
 25683 | Gauntlet | Found a transporter.
 25686 | Gauntlet | Found a transporter.
 25687 | Gauntlet | Found a transporter.
 25695 | Gauntlet | Found a transporter.
 25983 | Gauntlet | Identified the amulet of Recklessness {rC+ rN+ Regen+ rCorr
                  | SInv}
 26025 | Gauntlet | Identified the amulet of Peace {Reflect +Inv Str-4 Int+3
                  | SH+5}
 26250 | D:13     | Noticed Lodul
 26262 | D:13     | Killed Lodul
 26289 | D:13     | Reached skill level 15 in Fighting
 26341 | D:13     | Found a runed translucent gate.
 26341 | D:13     | Found a runed translucent gate.
 26341 | D:13     | Found a runed translucent gate.
 26344 | D:13     | Noticed Mallanif's ghost (journeyman GnTm)
 26361 | D:13     | Reached skill level 15 in Armour
 26653 | D:13     | Found a gate to the Vaults.
 26841 | D:14     | Found a frozen archway.
 26852 | IceCv    | Entered an ice cave
 27248 | D:14     | Found Voruttafok's Antique Weapon Shop.
 27694 | D:14     | Received a gift from Okawaru
 27734 | D:14     | Found a transporter.
 27734 | D:14     | Found a transporter.
 27899 | D:14     | Identified the +6 great sword of the Seven Xenops {freeze,
                  | rF+ Dex+5}
 27907 | D:14     | Identified the +3 broad axe of the Boiling Point {chaos,
                  | rElec rF- SInv}
 27907 | D:14     | Identified the +10 sling "Flugkiller's Curse" {speed, *Slow
                  | Will+ Int+7}
 28300 | D:15     | Entered Level 15 of the Dungeon
 28335 | D:15     | Found a portal to a secret trove of treasure.
 28454 | D:15     | Found an ancient bone altar of Kikubaaqudgha.
 28624 | D:15     | Found a staircase to the Depths.
 28642 | D:15     | Reached XP level 16. HP: 117/152 MP: 23/23
 29215 | Orc:1    | Entered Level 1 of the Orcish Mines
 29353 | Orc:2    | Entered Level 2 of the Orcish Mines
 29469 | Orc:2    | Found a staircase to the Elven Halls.
 29470 | Orc:2    | Noticed Rupert
 29490 | Orc:2    | Killed Rupert
 29562 | Orc:2    | Found Feseuxze's Jewellery Shop.
 29603 | Orc:2    | Found Posozocaoh's Magic Scroll Boutique.
 29622 | Orc:2    | Bought a scroll of fear for 64 gold pieces
 29622 | Orc:2    | Bought a scroll of magic mapping for 120 gold pieces
 29635 | Orc:2    | Found an ancient bone altar of Kikubaaqudgha.
 29644 | Orc:2    | Received a gift from Okawaru
 29669 | Orc:2    | Bought a scroll of enchant armour for 120 gold pieces
 29724 | Orc:2    | Found Ewet's Antique Weapon Boutique.
 29740 | Orc:2    | Found a radiant altar of Vehumet.
 29744 | Orc:2    | Gained mutation: You do not regenerate when monsters are
                  | visible. [a neqoxec]
 29745 | Orc:2    | Paralysed by an ogre mage for 5 turns
 29805 | Orc:2    | Found Ipuryd's Distillery.
 29837 | Orc:2    | Bought a potion of resistance for 180 gold pieces
 29837 | Orc:2    | Bought a potion of haste for 180 gold pieces
 29837 | Orc:2    | Bought a potion of haste for 180 gold pieces
 29837 | Orc:2    | Bought a potion of curing for 54 gold pieces
 29837 | Orc:2    | Bought a potion of curing for 54 gold pieces
 30534 | Spider:1 | Entered Level 1 of the Spider Nest
 30917 | Spider:2 | Received a gift from Okawaru
 30925 | Spider:2 | Blown up by an orb spider

Illustrated notes

Levels and vault maps discovered:
D:1:      evilmike_arrival_plus, layout_loops_cross, serial_shops,
          nicolae_shop_hallway_stairs, hellmonk_ecumenical_altar_heavens_door,
          hangedman_decor_lopped
D:2:      layout_basic
D:3:      layout_basic, nicolae_dithmenos_the_darkroom
D:4:      layout_loops_ring, lemuel_round_altar
D:5:      layout_basic, minmay_misc_feat_ornament, uniq_edmund
D:6:      layout_basic, jmf_multi_god_temple2, minmay_temple_entry_glass,
          kennysheep_generic_room_7
D:7:      minmay_flawed_box, layout_loops_cross, mainiacjoe_overflow_chevrons,
          minivault_4, grunt_decor_fettered
D:8:      layout_loops_corners, uniq_grum
D:9:      layout_gridville, mainiacjoe_overflow_cross_hatched, uniq_joseph,
          uniq_maurice
D:10:     layout_loops_corners, david_lair_generic, gammafunk_ghost_arena,
          nzn_sisyphean_effort
D:11:     layout_stronghold, serial_demonic, serial_demonic_b, serial_demonic_a,
          serial_demonic_e, serial_demonic_e, serial_demonic_e,
          serial_demonic_a, serial_demonic_c, serial_demonic_f
D:12:     layout_stronghold, minmay_orc_entry_guard_dogs, uniq_azrael,
          uniq_nergalle
D:13:     layout_rooms, david_vaults_1, gauntlet_entry_generic,
          maelrawn_ghost_gauntlet_escape, uniq_lodul
D:14:     minmay_the_grid_3x3 [minmay_the_grid_gridbox, minmay_the_grid_doors,
          minmay_the_grid_tree, minmay_the_grid_pillar_ring, minmay_the_grid_x,
          minmay_the_grid_dragon_a, minmay_the_grid_fan,
          minmay_the_grid_outer_diamond,
          minmay_the_grid_prize_four_corners_diamond_b], layout_rooms,
          portal_ice_cave_entry_pillars_three, grunt_decor_arrowhead,
          serial_shops, nicolae_diamond_shop, gammafunk_ghost_hive,
          lemuel_freeze_loot_1
D:15:     grunt_enter_depths_snipers, layout_loops_cross, enter_trove_5,
          kiku_gazebo_pond_becter
Temple:   nicolae_temple_elliptical
Lair:1:   layout_gridlike, gammafunk_ghost_cemetery, minivault_19,
          serial_bayou_shore_a, infiniplex_staircase_pool_2
Lair:2:   layout_gridlike, spider_nest_entry_rubble, gammafunk_ghost_hydra_chop,
          infiniplex_staircase_pool, grunt_megastairs_2
Lair:3:   layout_cave_pods, minmay_swamp_entry_reptiles,
          nicolae_volcano_entry_s_turn, lemuel_fruit_tree
Lair:4:   layout_roguey, slime_entry_2, hangedman_lair_unloving_vines,
          minivault_27, beast_lair_carwin_9, uniq_snorg, uniq_urug
Lair:5:   hangedman_lair_tendril_chambers, layout_loops_ring,
          guppyfry_lair_end_dragon, patterned_corridor, grunt_megastairs_3,
          serial_bayou_shore_b
Spider:1: layout_spider_delve, uniq_nikola
Spider:2: layout_spider_delve
Orc:1:    layout_caves
Orc:2:    kennysheep_orc_mage_school, layout_diamond_mine, uniq_rupert

Skill      XL: |  1  2  3  4  5  6  7  8  9 10 11 12 13 14 15 16 |
---------------+-------------------------------------------------+-----
Axes           | 3 4 5 6 8 10 11 13 14 16 17 18 | 18.0
Fighting       | 4 5 6 7 8 9 11 12 13 14 16 17 | 17.4
Armour         | 4 5 6 7 8 9 11 12 13 14 16 17 | 17.3
Dodging        | 1 3 5 7 8 9 11 13 14 | 14.5
Invocations    | 1 3 4 6 7 9 10 11 | 11.0
Shields        | |  3.6

Action                   |  1- 3 |  4- 6 |  7- 9 | 10-12 | 13-15 | 16-18 || total
-------------------------+-------+-------+-------+-------+-------+-------++-------
Melee: War axe           |    80 |    86 |   284 |   411 |       |       ||   861
       Headbutt          |    13 |    17 |    47 |   115 |   294 |    69 ||   555
       Broad axe         |       |       |       |    73 |  1080 |   296 ||  1449
       Kick              |       |       |       |       |   221 |   107 ||   328
Invok: Heroism           |       |       |       |    13 |    36 |     8 ||    57
       Finesse           |       |       |       |     2 |    13 |     3 ||    18
Evoke: Wand              |       |       |       |     4 |       |     2 ||     6
  Use: Scroll            |     5 |       |     7 |     6 |    18 |     2 ||    38
       Potion            |       |       |       |     4 |     6 |     2 ||    12
 Stab: Confused          |       |       |       |       |     3 |       ||     3
       Distracted        |       |       |       |       |       |     1 ||     1
Armor: Scale mail        |    44 |    33 |     9 |       |       |       ||    86
       Chain mail        |       |       |   137 |   233 |   266 |       ||   636
       Plate armour      |       |       |       |       |   352 |   154 ||   506
Dodge: Dodged            |    40 |    42 |    92 |   192 |   615 |   243 ||  1224
Block: Buckler           |    16 |    20 |    47 |   111 |   286 |    94 ||   574
